 Dungeon Crawl Stone Soup version 0.23-a0-607-g760965b (webtiles) character file.

5329 MisterFreud the Slicer (level 10, -3/60 HPs)
             Began as a Halfling Hunter on Dec 20, 2018.
             Was a Believer of Dithmenos.
             Slain by a two-headed ogre
             ... wielding a +0 giant spiked club
              (18 damage)
             ... on level 8 of the Dungeon.
             The game lasted 00:27:31 (9652 turns).

MisterFreud the Slicer (Halfling Hunter)            Turns: 9652, Time: 00:27:32

Health: -3/60      AC:  8    Str: 13    XL:     10   Next: 96%
Magic:  10/10      EV: 19    Int:  9    God:    Dithmenos [**....]
Gold:   404        SH:  0    Dex: 19    Spells: 7/9 levels left

rFire    . . .     SeeInvis .   a - +2 dagger (drain)
rCold    . . .     Gourm    .   (shield restricted)
rNeg     . . .     Faith    .   c - +1 leather armour
rPois    .         Spirit   .   D - +2 helmet
rElec    .         Reflect  .   (no cloak)
rCorr    .         Harm     .   n - +0 pair of gloves
MR       +....                  (no boots)
Stlth    +++++++...             (no amulet)
HPRegen  0.20/turn              i - ring of protection from magic
MPRegen  0.12/turn              j - ring of stealth

@: wreathed by umbra
A: small, mutation resistance 1
a: Shadow Step, Renounce Religion


You were on level 8 of the Dungeon.
You worshipped Dithmenos.
Dithmenos was pleased with you.
You were not hungry.

You visited 2 branches of the dungeon, and saw 10 of its levels.
You also visited: Ossuary.

You collected 404 gold pieces.

Inventory:

Hand Weapons
 a - a +2 dagger of draining (weapon)
 b - a +1 hunting sling of freezing
 z - a +0 rapier
Missiles
 d - 29 sling bullets
 k - 186 stones (quivered)
Armour
 c - a +1 leather armour (worn)
 n - a +0 pair of gloves (worn)
 B - the +1 scale mail "Umikhlyn" {rElec rF+ Str-4, unknown}
   (You found it on level 7 of the Dungeon)

   It affects your strength (-4).
   It protects you from fire.
   It insulates you from electricity.
 C - a +1 robe of positive energy
 D - a +2 helmet (worn)
Jewellery
 g - an uncursed ring of wizardry
 i - a ring of protection from magic (left hand)
 j - a ring of stealth (right hand)
 l - an uncursed ring of positive energy
 E - an uncursed ring of ice
Wands
 p - a wand of flame (42)
 w - a wand of random effects (13)
 y - a wand of polymorph (15)
Scrolls
 e - 3 scrolls of remove curse
 h - 5 scrolls of identify
 m - a scroll of fog
 o - a scroll of teleportation
 q - a scroll of fear
 r - 2 scrolls of amnesia {unknown}
 u - a scroll of blinking {unknown}
 x - a scroll of immolation {unknown}
Potions
 s - 3 potions of mutation
 t - a potion of curing
 v - a potion of resistance
 A - a potion of agility {unknown}
Comestibles
 f - 7 rations
 F - a chunk of flesh


   Skills:
 - Level 1.7 Fighting
 - Level 10.1 Short Blades
 - Level 10.0 Slings
 + Level 6.8 Dodging
 - Level 10.0 Stealth
 - Level 3.3 Unarmed Combat
 + Level 3.5 Translocations


You had 7 spell levels left.
You knew the following spells:

 Your Spells              Type           Power        Failure   Level  Hunger
a - Blink                 Tloc           N/A          19%         2    ###....

Your spell library contained the following spells:

 Spells                   Type           Power        Failure   Level  Hunger
 Magic Dart               Conj           #...         45%         1    ##.....
 Call Imp                 Summ           #.......     61%         2    ###....
 Searing Ray              Conj           #.....       61%         2    ###....
 Slow                     Hex            #.......     61%         2    ###....
 Conjure Flame            Conj/Fire      #.......     83%         3    ####...
 Dazzling Spray           Conj/Hex       #.....       83%         3    ####...
 Mephitic Cloud           Conj/Pois/Air  #.......     83%         3    ####...
 Force Lance              Conj/Tloc      #.......     94%         4    #####..
 Fulminant Prism          Conj/Hex       #.........   99%         4    #####..
 Iskenderun's Mystic Bla  Conj           #.......     99%         4    #####..


Dungeon Overview and Level Annotations

Branches:
Dungeon (9/15)             Temple (1/1) D:6
   Lair: D:8-11         Orc: D:9-12

Altars:
Ashenzari
Dithmenos
Fedhas
Gozag
Hepliaklqana
Kikubaaqudgha
Makhleb
Qazlal
Sif Muna
Trog
Vehumet
Wu Jian
Xom
Yredelemnul
Zin
The Shining One

Shops:
D:4 *   D:7 =

Annotations:
D:9 Harold


Innate Abilities, Weirdness & Mutations

You are small and have problems with some larger weapons.
You are somewhat resistant to further mutation.


Message History

You hit the porcupine but do no damage. You drain the porcupine!
You kill the porcupine!
Dithmenos accepts your kill.
You see here a porcupine corpse.
You butcher the porcupine corpse.
F - a chunk of flesh You see here a porcupine skeleton.
You start resting.
The orc warrior is too close now for your liking.
An orc warrior is nearby!
There is a stone staircase leading up here.
You climb upwards.
The two-headed ogre closely misses you. The two-headed ogre misses you.
The two-headed ogre hits you with a +0 giant spiked club!
* * * LOW HITPOINT WARNING * * *
The two-headed ogre closely misses you.
There is a stone staircase leading down, spattered with blood here.
The two-headed ogre misses you.
The two-headed ogre hits you with a +0 giant club!!
You die...

##.##########.#.
###...............
############.#..##########.#.
#.................# #.#.
#.##########...÷#.# #.#. #.#
#######.#.##.########.#. #.#
#........>...#.......<#. #.#
#.#####O####.#......#.#. #.#
#.#.. #@####.)[.....#.#. #.#
#.#.# #.#.........O.#.# #.#
#.#.#.#.#........#....#. #.#
#.#.#.#.#........#.####. #.#
#.....#.#.............#.
#.######.###.####.#)#y#.#....
#.....÷......# #.#)#.#.#.#..
########.##### #)#.#o#r...
######.# #)#.#.###.c


You could see a two-headed ogre.

Vanquished Creatures
  A two-headed ogre (D:5)
  Pikel (D:5)
  Grinder (D:5)
  Menkaure (D:6)
  Eustachio (D:6)
  2 porcupines
  4 slaves
  3 orc warriors
  An ice beast (D:7)
  3 sky beasts
  A black bear (D:8)
  An eye of draining (D:8)
  A phantom (D:4)
  7 ogres
  2 centaurs
  3 bullfrogs
  A water moccasin zombie (D:8)
  A scorpion (D:6)
  A killer bee (D:9)
  4 wights (D:7)
  6 crimson imps
  A centaur zombie (D:5)
  A quasit (D:6)
  2 bullfrog zombies
  4 hounds
  A jelly (D:5)
  2 centaur skeletons
  3 orc priests
  A bullfrog skeleton (D:6)
  A gnoll shaman (D:5)
  8 orc wizards
  2 iguanas (D:7)
  3 worker ants (D:4)
  A killer bee zombie (D:7)
  A hound skeleton (D:4)
  A hound zombie (D:5)
  Robin (D:4)
  A howler monkey skeleton (D:7)
  A howler monkey zombie (D:6)
  8 gnolls
  12 adders
  A shadow imp (D:8)
  An adder skeleton (D:7)
  A worm (D:2)
  2 dart slugs
  5 leopard geckos
  31 orcs
  A ball python (D:5)
  6 giant cockroaches
  18 goblins
  12 hobgoblins
  4 jackals (D:5)
  2 quokkas
  9 bats
  7 frilled lizards
  2 jackal skeletons
  2 kobolds
  12 rats
217 creatures vanquished.

Vanquished Creatures (others)
  6 fungi (D:8)
  2 plants (D:8)
8 creatures vanquished.

Grand Total: 225 creatures vanquished

Notes
Turn   | Place    | Note
-------+----------+-------------------------------------------
     0 | D:1      | MisterFreud the Halfling Hunter began the quest for the
                  | Orb.
     0 | D:1      | Reached XP level 1. HP: 14/14 MP: 1/1
   134 | D:1      | Reached XP level 2. HP: 19/19 MP: 2/2
   688 | D:2      | Reached XP level 3. HP: 24/24 MP: 3/3
   719 | D:2      | Reached skill level 1 in Short Blades
   834 | D:2      | Found a hazy altar of Hepliaklqana.
   881 | D:2      | Reached XP level 4. HP: 29/29 MP: 4/4
   922 | D:2      | Found a glowing golden altar of the Shining One.
   927 | D:2      | Found a shattered altar of Ashenzari.
  1478 | D:3      | Found a shattered altar of Ashenzari.
  1916 | D:3      | Reached XP level 5. HP: 33/34 MP: 5/5
  2159 | D:4      | Found a burning altar of Makhleb.
  2188 | D:4      | Noticed Robin
  2628 | D:4      | Noticed an orc warrior
  2759 | D:3      | Killed an orc warrior
  2759 | D:3      | Reached XP level 6. HP: 5/39 MP: 6/6
  3447 | D:4      | Killed Robin
  3817 | D:4      | Noticed a phantom
  3820 | D:4      | Found a glowing silver altar of Zin.
  3820 | D:4      | Found Vuxeirgh's General Store.
  3866 | D:4      | Killed a phantom
  3866 | D:4      | Reached skill level 1 in Unarmed Combat
  3866 | D:4      | Reached XP level 7. HP: 28/44 MP: 7/7
  4383 | D:4      | Reached skill level 5 in Stealth
  4549 | D:5      | Entered Level 5 of the Dungeon
  4567 | D:5      | Noticed a two-headed ogre
  4576 | D:5      | Killed a two-headed ogre
  4576 | D:5      | Reached XP level 8. HP: 22/49 MP: 8/8
  5038 | D:5      | Found a deep blue altar of Sif Muna.
  5217 | D:5      | Reached XP level 9. HP: 54/54 MP: 9/9
  5671 | D:6      | Found a staircase to the Ecumenical Temple.
  5678 | Temple   | Entered the Ecumenical Temple
  5716 | Temple   | Became a worshipper of Dithmenos the Shadowed
  5779 | D:6      | Found a sand-covered staircase.
  5784 | Ossuary  | Entered an ossuary
  5841 | D:6      | Noticed Menkaure
  6307 | D:5      | Noticed Grinder
  6334 | D:5      | Killed Grinder
  7002 | D:6      | Found a shimmering altar of Xom.
  7021 | D:6      | Noticed Pikel
  7195 | D:5      | Killed Pikel
  7195 | D:5      | Reached skill level 10 in Stealth
  7195 | D:5      | Reached XP level 10. HP: 33/60 MP: 10/10
  7209 | D:5      | Reached skill level 10 in Short Blades
  7409 | D:6      | Killed Menkaure
  7921 | D:6      | Noticed Eustachio
  7957 | D:6      | Killed Eustachio
  8182 | D:7      | Reached * piety under Dithmenos
  8348 | D:7      | Got a jewelled scale mail
  8525 | D:7      | Found Vuloazuq's Jewellery Shoppe.
  8617 | D:7      | Reached skill level 5 in Dodging
  8623 | D:7      | Reached skill level 10 in Slings
  8768 | D:7      | Learned a level 2 spell: Blink
  8806 | D:7      | Found a radiant altar of Vehumet.
  8844 | D:7      | Reached skill level 1 in Translocations
  9041 | D:8      | Reached ** piety under Dithmenos
  9095 | D:8      | Noticed a two-headed ogre
  9340 | D:9      | Noticed Harold
  9652 | D:8      | Slain by a two-headed ogre

Vault maps used:
D:1:      lightli_arrival_boilingwater
D:2:      ashenzari_conservatory_becter, lemuel_crystal_altar, tso_metal_star
D:3:      st_stairs_8, minmay_tree_intersection, evilmike_ruin_ashenzari
D:4:      lemuel_round_altar, serial_shops, shop_statue, bloody_makhleb,
          uniq_robin
D:5:      led_sif_book, first_ration, uniq_grinder
D:6:      lemuel_round_altar, minmay_temple_entry_statues_fountains,
          nicolae_ossuary_entry_false_entrances, minmay_misc_feat_tiny,
          uniq_menkaure, uniq_pikel, uniq_eustachio
D:7:      vehumet_altar_wand_db, serial_shops, kennysheep_mini_moat
D:8:      grunt_lair_entry_orc_guard_hut, gammafunk_ghost_grave
D:9:      david_nohive_1, grunt_gozag_breadcrumbs, uniq_harold
Temple:   jpeg_temple_clearing
Ossuary:  ossuary_zaba_flooded

Skill      XL: |  1  2  3  4  5  6  7  8  9 10 |
---------------+-------------------------------+-----
Slings         | 6 7 8 10 | 10.0
Short Blades   | 1 2 3 4 6 7 9 10 | 10.1
Stealth        | 2 3 4 6 7 10 | 10.0
Unarmed Combat | 1 3 |  3.3
Dodging        | 6 |  6.8
Translocations | 3 |  3.5
Fighting       | |  1.7

Action                   |  1- 3 |  4- 6 |  7- 9 | 10-12 || total
-------------------------+-------+-------+-------+-------++-------
Melee: Short sword       |    41 |    57 |       |       ||    98
       Dagger            |       |   102 |   411 |   437 ||   950
       Punch             |       |       |    11 |     8 ||    19
 Fire: Hunting sling     |    37 |    69 |    77 |    42 ||   225
  Use: Scroll            |       |     8 |       |     1 ||     9
 Stab: Sleeping          |     1 |     2 |     8 |    17 ||    28
       Distracted        |       |       |     1 |       ||     1
  Eat: Chunk             |       |     6 |     7 |     8 ||    21
       Ration            |       |     1 |     1 |       ||     2
Armor: Leather armour    |     9 |    32 |    77 |    35 ||   153
Dodge: Dodged            |    30 |   138 |   209 |   222 ||   599

Table legend:
 A = Non-vault XP
 B = Vault XP
 C = Vault XP percentage of total XP
 D = Non-vault monster count
 E = Vault monster count
 F = Vault count percentage of total count
                 A         B        C        D         E       F
            +---------+---------+-------+---------+---------+-------
      Total |    5856 |    1757 |  23.1 |     189 |      24 |  11.3
            +---------+---------+-------+---------+---------+-------
        D:1 |      26 |       0 |   0.0 |      16 |       0 |   0.0
        D:2 |      68 |       0 |   0.0 |      26 |       0 |   0.0
        D:3 |     226 |      18 |   7.4 |      21 |       9 |  30.0
        D:4 |     453 |      24 |   5.0 |      22 |       5 |  18.5
        D:5 |    2093 |     987 |  32.0 |      31 |       4 |  11.4
        D:6 |     579 |     364 |  38.6 |      15 |       2 |  11.8
        D:7 |    1513 |       2 |   0.1 |      39 |       1 |   2.5
        D:8 |     855 |     145 |  14.5 |      16 |       1 |   5.9
        D:9 |      43 |     217 |  83.5 |       3 |       2 |  40.0
            +---------+---------+-------+---------+---------+-------
